Map: Ulrena

Players

Grumm - Winner!

  • Race: Protoss Protoss
  • League: Gold

StaggerLee

  • Race: Protoss Protoss
  • League: Gold

VOD

Have the link to the VOD?

Description

Time

  • Played on: Jan. 2, 2016, 2:10 p.m.
  • Length: 10:11
Show
View Real Time Build Order
Export as new Build Order

Grumm Protoss - Winner!

Build Orders:  

Get SALT Encoding   

  12  0:09  Pylon  
  12  0:13  Probe (Chrono Boost)  
  13  0:28  Gateway  
  13  0:31  Probe (Chrono Boost)  
  14  0:47  Gateway  
  14  0:50  Probe (Chrono Boost)  
  15  0:57  Assimilator  
  15  1:01  Probe (Chrono Boost)  
  17  1:11  Probe (Chrono Boost)  
  17  1:15  Cybernetics Core  
  17  1:22  Probe (Chrono Boost)  
  17  1:25  Zealot  
  20  1:36  Pylon  
  20  1:42  Assimilator  
  20  1:49  Zealot (Chrono Boost)  
  22  1:56  Warp Gate  
  22  1:58  Probe (Chrono Boost)  
  23  2:04  Pylon  
  23  2:06  Adept (Chrono Boost)  
  25  2:11  Probe  
  28  2:24  Probe  
  28  2:25  Stalker (Chrono Boost)  
  29  2:35  Adept (Chrono Boost)  
  31  2:48  Pylon  
  31  3:05  Stalker (Chrono Boost)  
  33  3:09  Stalker (Chrono Boost)  
  29  3:31  Zealot (Chrono Boost)  
  31  3:35  Zealot  
  31  3:36  Probe (Chrono Boost)  
  32  3:42  Robotics Facility  
  32  3:50  Gateway  
  32  3:51  Pylon  
  32  4:23  Stalker, Zealot  
  34  4:27  Probe (Chrono Boost)  
  31  4:33  Immortal (Chrono Boost)  
  35  4:48  Stalker x2  
  35  4:49  Stalker  
  41  5:28  Nexus  
  41  5:33  Immortal (Chrono Boost)  
  45  5:52  Stalker  
  45  5:56  Pylon  
  47  6:14  Probe  
  47  6:16  Zealot x2  
  47  6:17  Zealot  
  54  6:21  Pylon  
  52  6:26  Probe  
  33  7:23  Stalker x3  
  33  7:24  Probe  
  33  7:25  Probe  
  33  7:26  Immortal (Chrono Boost)  
  33  7:29  Forge  
  45  7:37  Probe  
  42  8:20  Stalker x3  
  42  8:24  Probe  
  42  8:25  Warp Prism (Chrono Boost), Probe  
  52  8:34  Probe  
  52  8:35  Gateway  
  52  8:37  Pylon, Probe  
  52  8:41  Gateway  
  54  8:56  Stalker  
  54  8:57  Stalker x2  
  60  9:03  Probe  
  60  9:04  Probe  
  60  9:07  Assimilator  
  66  9:10  Assimilator, Immortal (Chrono Boost)  
  66  9:45  Stalker x2  
  66  9:46  Stalker  
Show
View Real Time Build Order
Export as new Build Order

StaggerLee Protoss 

Build Orders: Forge Fast Expand (FFE) 

Get SALT Encoding   

  12  0:07  Probe (Chrono Boost)  
  13  0:18  Probe (Chrono Boost)  
  14  0:27  Pylon  
  14  0:28  Probe (Chrono Boost)  
  15  0:45  Forge, Probe (Chrono Boost)  
  16  0:55  Probe (Chrono Boost)  
  17  1:06  Probe (Chrono Boost)  
  18  1:32  Probe (Chrono Boost)  
  19  1:36  Nexus  
  19  1:42  Pylon, Probe (Chrono Boost)  
  19  1:46  Pylon  
  20  1:53  Probe (Chrono Boost)  
  21  1:54  Pylon  
  21  2:00  Assimilator  
  21  2:04  Probe (Chrono Boost)  
  22  2:14  Probe (Chrono Boost)  
  23  2:16  Photon Cannon  
  23  2:22  Photon Cannon  
  23  2:25  Probe (Chrono Boost)  
  24  2:33  Photon Cannon  
  24  2:43  Photon Cannon  
  23  2:52  Photon Cannon  
  18  3:15  Photon Cannon  
  18  3:17  Gateway  
  17  3:34  Photon Cannon  
  16  3:40  Pylon  
  16  3:44  Probe (Chrono Boost)  
  17  3:49  Probe (Chrono Boost)  
  18  4:00  Probe (Chrono Boost)  
  19  4:05  Pylon  
  19  4:11  Pylon  
  19  4:13  Assimilator  
  19  4:15  Probe (Chrono Boost)  
  20  4:26  Probe (Chrono Boost), Photon Cannon  
  20  4:28  Probe (Chrono Boost)  
  22  4:33  Zealot (Chrono Boost)  
  25  4:38  Probe (Chrono Boost)  
  25  4:49  Probe  
  26  4:53  Photon Cannon  
  26  4:54  Probe  
  27  5:01  Probe  
  28  5:16  Cybernetics Core  
  28  5:18  Photon Cannon  
  28  5:20  Probe  
  28  5:21  Probe  
  29  5:32  Probe  
  30  5:42  Probe  
  31  5:52  Assimilator  
  31  5:53  Probe  
  31  5:54  Mothership Core  
  31  5:55  Assimilator  
  32  6:03  Probe  
  33  6:14  Probe  
  33  6:15  Probe  
  35  6:25  Probe  
  35  6:27  Probe  
  37  6:35  Probe  
  39  6:40  Probe  
  36  6:51  Stalker (Chrono Boost)  
  36  6:52  Probe  
  37  7:08  Pylon  
  33  7:29  Pylon  
  29  7:32  Pylon  
  29  7:33  Nexus  
  29  7:36  Pylon  
  23  7:38  Pylon  
  19  8:02  Pylon  
  19  8:11  Cybernetics Core  
  19  8:12  Probe  
  15  8:22  Probe  
  16  8:30  Forge  
  16  8:49  Mothership Core  
  15  9:03  Assimilator  
  15  9:06  Pylon  
  15  9:08  Probe  
  15  9:13  Photon Cannon  
  16  9:19  Probe, Photon Cannon  
  16  9:29  Probe  
Tags
 
Add a new tag
Caveats
  • Supply blocks, unpowered buildings, or Contaminate may cause inaccurate times.
  • Supply counts are checked every 10 seconds.